 Dungeon Crawl Stone Soup version 0.22-a0-456-g11ed031 (webtiles) character file.

4578 HammerPanzer the Carver (level 10, -5/135 HPs)
             Began as a Black Draconian Berserker on June 7, 2018.
             Was an Elder of Trog.
             Slain by a wyvern (10 damage)
             ... on level 8 of the Dungeon.
             The game lasted 00:19:21 (7253 turns).

HammerPanzer the Carver (Black Draconian Berserker) Turns: 7253, Time: 00:19:22

Health: -5/135     AC: 10    Str: 26    XL:     10   Next: 18%
Magic:  10/10      EV: 16    Int:  8    God:    Trog [****..]
Gold:   300        SH:  0    Dex: 12    Spells: 9/9 levels left

rFire    . . .     SeeInvis .   A - +4 long sword (curse)
rCold    . . .     Gourm    .   (no shield)
rNeg     . . .     Faith    .   (armour unavailable)
rPois    .         Spirit   .   u - +1 hat
rElec    +         Reflect  .   (no cloak)
rCorr    .         Harm     .   s - +1 pair of gloves
MR       .....                  (no boots)
Stlth    ..........             (no amulet)
HPRegen  0.32/turn              (no ring)
MPRegen  0.12/turn              (no ring)

@: berserking, short of breath, starving, very quick
A: breathe lightning, unfitting armour, electricity resistance, cold-blooded, AC
+7
a: Breathe Lightning, Berserk, Trog's Hand, Brothers in Arms, Renounce Religion


You were on level 8 of the Dungeon.
You worshipped Trog.
Trog was greatly pleased with you.
You were starving.

You visited 2 branches of the dungeon, and saw 9 of its levels.

You collected 300 gold pieces.

Inventory:

Hand Weapons
 A - a cursed +4 long sword (weapon)
Armour
 s - a +1 pair of gloves (worn)
 u - a +1 hat (worn)
Jewellery
 j - a cursed ring of teleportation {unknown}
 p - a cursed amulet of inaccuracy {unknown}
 v - an uncursed amulet of regeneration {unknown}
Wands
 g - a wand of acid (12)
 n - a wand of paralysis (11)
 t - a wand of random effects (17)
 y - a wand of flame (26)
Scrolls
 a - 2 scrolls of fear
 d - 2 scrolls of teleportation
 f - 4 scrolls of remove curse
 h - 4 scrolls of identify
 m - 3 scrolls of enchant armour
Potions
 c - 2 potions of agility
 e - 2 potions of ambrosia
 l - 2 potions of curing
 o - 3 potions of heal wounds {unknown}
 q - a potion of degeneration {unknown}
 r - 2 potions of mutation {unknown}
 x - 2 potions of invisibility {unknown}
 z - a potion of flight {unknown}
 B - a potion of haste {unknown}
 C - a potion of magic {unknown}
 D - a potion of lignification {unknown}
Comestibles
 b - 13 rations


   Skills:
 + Level 8.9 Fighting
 * Level 10.9 Long Blades
 + Level 7.3 Dodging


You had 9 spell levels left.
You didn't know any spells.
Your spell library was empty.

Dungeon Overview and Level Annotations

Branches:
Dungeon (8/15)             Temple (1/1) D:4
   Lair: D:8-11

Altars:
Cheibriados
Dithmenos
Elyvilon
Fedhas
Gozag
Hepliaklqana
Kikubaaqudgha
Makhleb
Nemelex Xobeh
Okawaru
Qazlal
Sif Muna
Trog
Uskayaw
Vehumet
Wu Jian
Xom
Yredelemnul
Zin
The Shining One

Shops:
D:2 *   D:7 :


Innate Abilities, Weirdness & Mutations

You can breathe wild blasts of lightning.
Your glossy black scales are hard. (AC +7)
You cannot fit into any form of body armour.
You are resistant to electric shocks. (rElec)
You are cold-blooded and may be slowed by cold attacks.


Message History

You feel yourself moving faster!
You feel mighty!
You are starving!
The wyvern misses you.
You riposte.
You slash the wyvern!
The wyvern is heavily wounded.
The two-headed ogre hits you with a giant club!!
* * * LOW HITPOINT WARNING * * *
The two-headed ogre closely misses you.
You slash the two-headed ogre!
The two-headed ogre is severely wounded.
The wyvern bites you but does no damage.
You barely miss the two-headed ogre.
The two-headed ogre is severely wounded.
The wyvern misses you. The two-headed ogre misses you.
You riposte.
You hit the two-headed ogre.
The two-headed ogre is severely wounded.
The two-headed ogre misses you.
You slash the two-headed ogre! You tail-slap the two-headed ogre.
The two-headed ogre is almost dead.
The wyvern bites you!
You die...

.........
#..........#.........
#.........(#.....(...
#..........#...##....
+##.......(..##+###....
..).........+...+...).
#..........#...#.....
#...lO.....#...##....
#...@......#...##....
#..........#.........
#..........#.........
#..........#.........
#..........#.........
#..........#.........
#..........#.........
#..........#.........
#..........#.........


You could see a two-headed ogre and a wyvern.

Vanquished Creatures
  2 two-headed ogres (D:8)
  An ugly thing (D:8)
  Grinder (D:3)
  2 hippogriffs (D:8)
  2 humans (D:7)
  An orc warrior (D:6)
  2 ogres
  A black bear (D:6)
  2 ice beasts (D:8)
  The ghost of ThisFiasco the Vexing, an amateur SpEn of Lugonu (D:3)
  4 bullfrogs
  A scorpion (D:7)
  4 killer bees (D:7)
  5 wights (D:7)
  An electric eel (D:7)
  4 crimson imps
  An orc priest (D:6)
  4 orc wizards
  A centaur skeleton (D:7)
  A bullfrog skeleton (D:6)
  A hound (D:8)
  Ijyb (D:5)
  3 worker ants
  A killer bee zombie (D:6)
  3 hound skeletons
  A worker ant zombie (D:6)
  11 adders
  2 oozes
  3 worms
  6 dart slugs
  5 leopard geckos
  15 orcs
  A ball python (D:1)
  8 bats
  3 giant cockroaches
  11 goblins
  9 hobgoblins
  6 jackals
  A quokka (D:2)
  4 frilled lizards
  5 kobolds
  A leopard gecko skeleton (D:8)
  A quokka skeleton (D:4)
  9 rats
152 creatures vanquished.

Vanquished Creatures (others)
  An orc wizard (D:7)
1 creature vanquished.

Grand Total: 153 creatures vanquished

Notes
Turn   | Place    | Note
-------+----------+-------------------------------------------
     0 | D:1      | HammerPanzer the Draconian Berserker began the quest for the Orb.
     0 | D:1      | Reached XP level 1. HP: 19/19 MP: 1/1
   256 | D:1      | Reached XP level 2. HP: 6/26 MP: 2/2
   980 | D:2      | Reached XP level 3. HP: 21/33 MP: 3/3
  1102 | D:2      | Reached ** piety under Trog
  1453 | D:2      | Found a radiant altar of Vehumet.
  1463 | D:2      | Found an ancient bone altar of Kikubaaqudgha.
  1463 | D:2      | Found a deep blue altar of Sif Muna.
  1525 | D:2      | Reached skill level 4 in Long Blades
  1628 | D:2      | Reached XP level 4. HP: 30/40 MP: 4/4
  1819 | D:2      | Found Zin's Purification Station.
  1823 | D:2      | Found a glowing silver altar of Zin.
  1883 | D:3      | Noticed Grinder
  1908 | D:3      | Paralysed by Grinder for 2 turns
  1919 | D:3      | Paralysed by Grinder for 6 turns
  2291 | D:3      | Killed Grinder
  2291 | D:3      | Reached skill level 5 in Long Blades
  2291 | D:3      | Reached XP level 5. HP: 46/47 MP: 5/5
  2291 | D:3      | Reached XP level 6. HP: 52/53 MP: 6/6
  2520 | D:3      | Noticed ThisFiasco's ghost (amateur SpEn)
  2547 | D:3      | Killed ThisFiasco's ghost
  2547 | D:3      | Reached *** piety under Trog
  2547 | D:3      | Reached skill level 5 in Fighting
  2666 | D:3      | Found a sparkling altar of Nemelex Xobeh.
  2947 | D:4      | Reached skill level 6 in Long Blades
  3063 | D:5      | Entered Level 5 of the Dungeon
  3063 | D:5      | Noticed Ijyb
  3294 | D:4      | Your scales start taking on a glossy black colour.
  3294 | D:4      | Reached XP level 7. HP: 61/61 MP: 7/7
  3294 | D:4      | Gained mutation: You are resistant to electric shocks. (rElec) [Black Draconian growth]
  3300 | D:4      | Found a shimmering altar of Xom.
  3603 | D:4      | Found a staircase to the Ecumenical Temple.
  3610 | Temple   | Entered the Ecumenical Temple
  3824 | D:5      | Killed Ijyb
  5043 | D:6      | Reached skill level 7 in Long Blades
  5205 | D:6      | Found Zotorykh's Food Emporium.
  5267 | D:6      | Found a shimmering altar of Xom.
  5302 | D:6      | Reached XP level 8. HP: 54/70 MP: 8/8
  5497 | D:6      | Reached skill level 5 in Dodging
  5643 | D:7      | Found a hide-covered altar of Uskayaw.
  6000 | D:7      | Reached skill level 8 in Long Blades
  6066 | D:7      | Reached **** piety under Trog
  6311 | D:7      | Found Oplut's Book Emporium.
  6390 | D:7      | Reached skill level 9 in Long Blades
  6390 | D:7      | Reached XP level 9. HP: 75/79 MP: 9/9
  6432 | D:7      | Found an iron altar of Okawaru.
  6863 | D:8      | Noticed a green ugly thing
  6878 | D:8      | Killed a green ugly thing
  6878 | D:8      | Reached skill level 10 in Long Blades
  6944 | D:8      | Noticed a two-headed ogre
  6950 | D:8      | Killed a two-headed ogre
  7048 | D:8      | Reached XP level 10. HP: 59/90 MP: 10/10
  7188 | D:8      | Noticed a two-headed ogre
  7199 | D:8      | Killed a two-headed ogre
  7240 | D:8      | Noticed a two-headed ogre
  7250 | D:8      | HP: 5/135 [two-headed ogre/giant club (20)]
  7253 | D:8      | Slain by a wyvern

Vault maps used:
D:1:      saegor_arrival_simple_d
D:2:      grunt_temple_overflow_magic_moments, zin_purify
D:3:      old_standard_altar, uniq_grinder
D:4:      nicolae_overflow_crystal_walls, minmay_temple_entry_fiery,
          first_ration, kennysheep_minor_cross
D:5:      uniq_ijyb
D:6:      serial_shops, kennysheep_little_box, xom_teletrap_fun
D:7:      statuecave_lemuel, eat_drink_and_be_merry_uskayaw, okawaru_humans,
          serial_shops, shop
D:8:      nicolae_ossuary_entry_false_entrances
Temple:   nicolae_temple_x_marks_the_god

Skill      XL: |  1  2  3  4  5  6  7  8  9 |
---------------+----------------------------+-----
Dodging        | 3 4 6 7 |  7.3
Long Blades    | 4 5 6 7 9 10 | 10.9
Fighting       | 4 5 6 7 8 |  8.9

Action                   |  1- 3 |  4- 6 |  7- 9 | 10-12 || total
-------------------------+-------+-------+-------+-------++-------
Melee: Falchion          |   138 |   122 |   265 |       ||   525
       Tailslap          |    14 |    21 |    62 |     4 ||   101
       Long sword        |       |       |    77 |    17 ||    94
Throw: Tomahawk          |     4 |     3 |     4 |     1 ||    12
Invok: Berserk           |       |     5 |     7 |     2 ||    14
 Abil: Breathe Lightning |       |       |     9 |     1 ||    10
  Use: Scroll            |       |     7 |     4 |       ||    11
       Potion            |       |       |     1 |       ||     1
  Eat: Chunk             |     2 |     7 |    17 |     1 ||    27
       Ration            |       |     1 |     1 |       ||     2
Armor: Skin              |    37 |    30 |   111 |     2 ||   180
Dodge: Dodged            |    92 |    65 |   226 |    11 ||   394
       Rpst.: Falchion   |    31 |    22 |    58 |       ||   111
       Long sword        |       |       |    10 |     2 ||    12

Table legend:
 A = Spawn XP
 B = Non-spawn XP
 C = Spawn XP percentage of total XP
 D = Spawn monster count
 E = Non-spawn monster count
 F = Spawn count percentage of total count
 G = Total turns spent on level
                    A         B        C        D         E        F      G
               +---------+---------+-------+---------+---------+-------+---------
         Total |       0 |    6541 |   0.0 |       0 |     152 |   0.0 |  7253
               +---------+---------+-------+---------+---------+-------+---------
           D:1 |       0 |      36 |   0.0 |       0 |      16 |   0.0 |   916
           D:2 |       0 |      77 |   0.0 |       0 |      30 |   0.0 |  1286
           D:3 |       0 |     473 |   0.0 |       0 |      28 |   0.0 |   724
           D:4 |       0 |     166 |   0.0 |       0 |       8 |   0.0 |   807
           D:5 |       0 |     109 |   0.0 |       0 |       4 |   0.0 |   626
           D:6 |       0 |     720 |   0.0 |       0 |      24 |   0.0 |  1106
           D:7 |       0 |    1540 |   0.0 |       0 |      26 |   0.0 |  1239
           D:8 |       0 |    3420 |   0.0 |       0 |      16 |   0.0 |   487
               +---------+---------+-------+---------+---------+-------+---------
